 Dungeon Crawl Stone Soup version 0.25.1-8-g42b30a86e7 (webtiles) character file.

Game seed: 15710315317630783793

81 Doot the Grasshopper (level 4, 0/23 HPs)
             Began as a Spriggan Warper on Dec 3, 2020.
             Killed by nerve-wracking pain
             ... invoked by an orc priest
              (7 damage)
             ... on level 3 of the Dungeon.
             The game lasted 00:04:31 (4037 turns).

Doot the Grasshopper (Spriggan Warper)              Turns: 4037, Time: 00:04:31

Health: 0/23       AC:  2    Str:  7    XL:     4   Next: 20%
Magic:  4/9        EV: 19    Int: 15    God:
Gold:   46         SH:  0    Dex: 15    Spells: 2/9 levels left

rFire    . . .     SeeInvis +   a - +0 short sword
rCold    . . .     Gourm    .   (shield restricted)
rNeg     . . .     Faith    .   b - +0 robe
rPois    .         Spirit   .   (helmet restricted)
rElec    .         Reflect  .   (no cloak)
rCorr    .         Harm     .   (gloves unavailable)
MR       .....                  (boots unavailable)
Stlth    ++........             (no amulet)
HPRegen  0.07/turn              (no ring)
MPRegen  0.11/turn              (no ring)

@: shrouded, very quick
A: very small, unfitting armour, see invisible, herbivore, speed 3, slow
metabolism 2
a: no special abilities


You were on level 3 of the Dungeon.
You were hungry.

You visited 1 branch of the dungeon, and saw 3 of its levels.

You collected 46 gold pieces.

Inventory:

Hand Weapons
 a - a +0 short sword (weapon)
Missiles
 e - 5 boomerangs of dispersal (quivered)
Armour
 b - a +0 robe (worn)
Scrolls
 d - a scroll of blinking
 g - 3 scrolls of remove curse {unknown}
 h - 3 scrolls of teleportation {unknown}
 i - 3 scrolls of identify {unknown}
 j - 3 scrolls of magic mapping {unknown}
 l - a scroll of random uselessness {unknown}
 m - a scroll of enchant armour {unknown}
Potions
 c - 2 potions of might {unknown}
 k - a potion of curing {unknown}
Comestibles
 f - 7 rations


   Skills:
 + Level 2.0 Fighting
 + Level 3.5 Short Blades
 + Level 1.0 Throwing
 + Level 4.0 Dodging
 + Level 1.4 Stealth
 * Level 3.3 Spellcasting
 + Level 0.6 Charms
 + Level 4.6 Translocations


You had 2 spell levels left.
You knew the following spells:

 Your Spells              Type           Power        Failure   Level  Hunger
a - Blink                 Tloc           N/A          4%          2    ##.....
b - Shroud of Golubria    Chrm/Tloc      ##....       10%         2    ##.....
c - Teleport Other        Tloc           ###.....     9%          3    ###....

Your spell library contained the following spells:

 Spells                   Type           Power        Failure   Level  Hunger
 Summon Small Mammal      Summ           #...         21%         1    #......
 Call Imp                 Summ           #.......     30%         2    ##.....
 Gell's Gravitas          Tloc           ###.......   9%          3    ###....
 Lesser Beckoning         Tloc           ###.......   9%          3    ###....
 Passage of Golubria      Tloc           N/A          28%         4    #####..
 Call Canine Familiar     Summ           #.......     52%         3    ###....
 Summon Guardian Golem    Hex/Summ       #.......     52%         3    ###....
 Summon Ice Beast         Ice/Summ       #.......     89%         4    #####..
 Summon Lightning Spire   Summ/Air       #.......     89%         4    #####..


Dungeon Overview and Level Annotations

Branches:
Dungeon (3/15)

Altars:
The Shining One

Annotations:
D:3 Terence


Innate Abilities, Weirdness & Mutations

You are very small and have problems with some larger weapons.
You are too small for most types of armour.
You have supernaturally acute eyesight. (SInv)
You are a herbivore.
You cover ground extremely quickly.
You need to consume almost no food.


Message History

The orc priest casts a cantrip, but nothing happens.
Casting: Shroud of Golubria (safe; 10% risk of failure)
Confirm with . or Enter, or press ? or * to list all spells.
Space distorts slightly along a thin shroud covering your body.
You are feeling hungry.
The orc priest misses you.
You hit the orc priest but do no damage.
The orc priest is lightly wounded.
The orc priest closely misses you.
You hit the orc priest but do no damage.
The orc priest is lightly wounded.
The orc priest calls down the wrath of Beogh upon you.
You struggle to resist.
You hit the orc priest but do no damage.
The orc priest is lightly wounded.
The orc priest barely misses you.
You hit the orc priest but do no damage.
The orc priest invokes the aid of Beogh against you.
Pain shoots through your body!
You die...

## ## # ##.# ..
## ..##...##. ..
# ##.....## . # #
##.......## .#.#
#
#...._....###...#
# #.....@.##...#
# ##.....o#..# #
#
..##...##.)####.#
# ##.##.)<.....#
# ###...).....# #
#..##..###.# #
#.# #..# # #
...###..###.# #
##.......)...#


g You could see an orc priest.

Vanquished Creatures
  2 gnolls (D:2)
  An adder (D:2)
  A worm (D:2)
  3 leopard geckos
  4 orcs (D:3)
  3 giant cockroaches
  6 goblins
  6 hobgoblins
  7 kobolds
  A quokka (D:1)
  6 bats
  A frilled lizard (D:2)
  A rat (D:1)
42 creatures vanquished.

Notes
Turn   | Place    | Note
-------+----------+-------------------------------------------
     0 | D:1      | Doot the Spriggan Warper began the quest for the Orb.
     0 | D:1      | Reached XP level 1. HP: 10/10 MP: 5/5
   579 | D:1      | Reached XP level 2. HP: 7/15 MP: 6/6
   583 | D:1      | Learned a level 2 spell: Blink
   588 | D:1      | Learned a level 2 spell: Shroud of Golubria
  2776 | D:2      | Reached XP level 3. HP: 17/18 MP: 4/8
  3162 | D:2      | Learned a level 3 spell: Teleport Other
  3455 | D:2      | Reached skill level 1 in Stealth
  3548 | D:3      | Noticed Terence
  3899 | D:2      | Reached XP level 4. HP: 23/23 MP: 6/9
  4017 | D:3      | Found a glowing golden altar of the Shining One.
  4037 | D:3      | Killed from afar by an orc priest

Illustrated notes

Levels and vault maps discovered:
D:1:      matt_arrival_los_fun, layout_loops_ring
D:2:      layout_basic, first_ration
D:3:      layout_basic, tso_metal_star, uniq_robin, uniq_terence

Skill      XL: |  1  2  3 |
---------------+----------+-----
Spellcasting   | 3 |  3.3
Fighting       | 2 |  2.0
Short Blades   | 3 |  3.5
Stealth        | 1 |  1.4
Dodging        | 4 |  4.0
Throwing       | |  1.0
Charms         | |  0.6
Translocations | |  4.6

Action                   |  1- 3 |  4- 6 || total
-------------------------+-------+-------++-------
Melee: Short sword       |   229 |    35 ||   264
 Cast: Shroud of Golubri |    11 |     5 ||    16
 Stab: Sleeping          |     3 |       ||     3
  Eat: Ration            |       |     1 ||     1
Armor: Robe              |    18 |     1 ||    19
Dodge: Dodged            |   171 |    26 ||   197
